 Dungeon Crawl Stone Soup version 0.26.0-16-gc1dbca0489 (webtiles) character file.

Game seed: 15150590652776372628

4771 kaeus the Covert (level 10, 0/77 HPs)
             Began as a Demonspawn Fighter on Jan 22, 2021.
             Was an Elder of Dithmenos.
             Slain by kaeus's ghost (9 damage)
             ... on level 9 of the Dungeon.
             The game lasted 00:18:58 (8818 turns).

kaeus the Covert (Demonspawn Fighter)               Turns: 8818, Time: 00:18:58

Health: 0/77       AC:  7    Str: 20    XL:     10   Next: 23%
Magic:  10/10      EV: 18    Int: 10    God:    Dithmenos [****..]
Gold:   492        SH:  6    Dex: 20    Spells: 9/9 levels left

rFire    . . .     SeeInvis +   g - +2 hand axe (vamp)
rCold    . . .     Faith    +   q - +0 buckler
rNeg     + . .     Spirit   .   E - +0 robe {rN+}
rPois    .         Reflect  .   C - +0 hat of Duck's Teeth {-Cast Dex+8 SInv}
rElec    .         Harm     .   (no cloak)
rCorr    .         Rampage  .   x - +1 pair of gloves
Will     +....     NoCast   +   (no boots)
Stlth    ++++++++..             h - amulet of faith
HPRegen  0.22/turn              z - ring of willpower
MPRegen  0.12/turn              b - ring of stealth

@: mighty, wreathed by umbra
A: talons 2, molten scales 2, demonic guardian 2, powered by death 1
a: Renounce Religion, Shadow Step


You were on level 9 of the Dungeon.
You worshipped Dithmenos.
Dithmenos was greatly pleased with you.
You visited 1 branch of the dungeon, and saw 9 of its levels.

You collected 492 gold pieces.

Inventory:

Hand Weapons
 g - a +2 vampiric hand axe (weapon)
 H - a +4 dagger of flaming
Armour
 q - a +0 buckler (worn)
 x - a +1 pair of gloves (worn)
 C - the +0 hat of Duck's Teeth (worn) {-Cast Dex+8 SInv}
   (You found it on level 6 of the Dungeon)

   It affects your dexterity (+8).
   It lets you see invisible.
   It prevents spellcasting.
 E - a +0 robe of positive energy (worn)
Jewellery
 b - a ring of stealth (right hand)
 h - an amulet of faith (around neck)
 z - a ring of willpower (left hand)
 I - an uncursed ring of wizardry
Wands
 s - a wand of iceblast (20)
 t - a wand of polymorph (2)
 K - a wand of flame (13)
Scrolls
 e - 3 scrolls of magic mapping {unknown}
 f - 2 scrolls of identify
 j - 2 scrolls of remove curse
 k - 10 scrolls of teleportation
 l - 2 scrolls of fog {unknown}
 m - a scroll of blinking {unknown}
 p - 2 scrolls of amnesia {unknown}
 w - a scroll of immolation {unknown}
 y - 2 scrolls of enchant armour {unknown}
 B - a scroll of enchant weapon {unknown}
 F - a scroll of vulnerability {unknown}
 G - 2 scrolls of summoning {unknown}
 J - a scroll of holy word {unknown}
 L - a scroll of fear {unknown}
Potions
 a - a potion of resistance {unknown}
 c - 3 potions of degeneration
 i - 3 potions of curing
 n - 4 potions of brilliance
 o - a potion of mutation {unknown}
 r - a potion of ambrosia {unknown}
 u - a potion of magic {unknown}
 v - a potion of lignification {unknown}
 A - 4 potions of attraction
 D - 2 potions of heal wounds {unknown}


   Skills:
 + Level 6.7 Fighting
 + Level 1.2 Short Blades
 - Level 5.5 Axes
 - Level 3.3 Armour
 * Level 7.4 Dodging
 * Level 8.2 Stealth
 - Level 4.0 Shields
 + Level 1.3 Evocations


You had 9 spell levels left.
You didn't know any spells.
Your spell library contained the following spells:

 Spells                   Type           Power        Failure   Level
 Animate Skeleton         Necr           0%           36%         1
 Pain                     Necr           0%           36%         1
 Summon Small Mammal      Summ           0%           36%         1
 Call Imp                 Summ           0%           50%         2
 Call Canine Familiar     Summ           0%           75%         3
 Confusing Touch          Hex            0%           75%         3
 Gell's Gravitas          Tloc           0%           75%         3
 Summon Guardian Golem    Hex/Summ       0%           75%         3
 Vampiric Draining        Necr           0%           75%         3
 Animate Dead             Necr           0%           98%         4
 Petrify                  Tmut/Erth      0%           98%         4
 Summon Ice Beast         Ice/Summ       0%           98%         4
 Summon Lightning Spire   Summ/Air       0%           98%         4
 Agony                    Necr           0%           100%        5
 Metabolic Englaciation   Hex/Ice        0%           100%        5
 Yara's Violent Unravell  Hex/Tmut       0%           100%        5


Dungeon Overview and Level Annotations

Branches:
Dungeon (9/15)             Temple (0/1) D:5            Lair (0/6) D:9
    Orc: D:9-12

Altars:
Ashenzari
Cheibriados
Dithmenos
Fedhas
Gozag
Sif Muna
Uskayaw
Vehumet
Wu Jian
Xom
The Shining One

Annotations:
D:9 kaeus's ghost, novice DsFi


Innate Abilities, Weirdness & Mutations

You have razor-sharp toenails.
You are mostly covered in molten scales. (AC +3)
A demonic guardian rushes to your aid.
You regenerate a little health from kills.


Message History

Your soul eater barely misses kaeus's ghost.
Your soul eater hits the bullfrog skeleton!!
You barely miss kaeus's ghost.
You claw kaeus's ghost, but do no damage.
Kaeus's ghost is heavily damaged.
Kaeus's ghost closely misses you.
You hit kaeus's ghost but do no damage.
Kaeus's ghost is heavily damaged.
Your soul eater barely misses the bullfrog skeleton.
You block kaeus's ghost's attack.
You hit kaeus's ghost.
Kaeus's ghost is heavily damaged.
Your shadow hits kaeus's ghost but does no damage.
Your soul eater hits the bullfrog skeleton!!
The bullfrog skeleton is destroyed!
Dithmenos accepts your kill. Kaeus's ghost hits you!
* * * LOW HITPOINT WARNING * * *
You are electrocuted!
You die...

#.# #.#..#.####.# ###.# ##'##
#.#..#.## #.# #...#
##...###.#.....# #.# #.###
##..).)##.#.##..# #[# #.####
##.....).#.#.##..###.# #.##.##
#.....)..............#####.#...##
+................................
#.>.......###..............#...##
##.......## #.#.@#########.##.##
##.....## #.##W#.$.....#....#
##...## #.##.#..###..#.##.# ##+##
#.##3†..###!W#.##.# #.#
#....'...../.#.##.# #.#
####.'..###$.#.##.# #
##.##########.#..###..#.##.#
####...#.......#.#.......#.##.#
.##..[...#####.#.#########.##.###


You could see kaeus's ghost and a friendly soul eater (summoned).

Vanquished Creatures
  Pikel (D:5)
  Maurice (D:9)
  Joseph (D:9)
  Maggie (D:9)
  A troll (D:9)
  Menkaure (D:5)
  A black bear (D:9)
  An ice beast (D:7)
  An orc warrior (D:9)
  A phantom (D:9)
  2 ogres
  A lemure (D:5)
  A big kobold (D:8)
  5 bullfrogs
  A scorpion (D:4)
  A howler monkey (D:6)
  A lava snake (D:8)
  A bullfrog zombie (D:6)
  A quasit (D:8)
  A jelly (D:9)
  3 orc priests
  5 hounds
  9 orc wizards
  A bullfrog skeleton (D:9)
  A centaur skeleton (D:4)
  Jessica (D:3)
  2 iguanas
  Ijyb (D:3)
  7 worker ants
  A killer bee zombie (D:7)
  A hound zombie (D:7)
  2 hound skeletons (D:9)
  4 gnolls (D:8)
  4 adders
  A shadow imp (D:7)
  2 white imps (D:8)
  2 ufetubi
  3 oozes (D:1)
  An adder zombie (D:5)
  3 worms
  2 dart slugs (D:2)
  3 leopard geckos
  24 orcs
  A ball python (D:3)
  3 giant cockroaches
  9 goblins
  7 hobgoblins
  2 jackals (D:1)
  9 kobolds
  4 quokkas
  11 bats
  10 frilled lizards
  2 goblin skeletons (D:7)
  A goblin zombie (D:7)
  2 hobgoblin zombies (D:7)
  2 kobold skeletons (D:7)
  A kobold zombie (D:7)
  2 orc zombies (D:7)
  8 rats
182 creatures vanquished.

Vanquished Creatures (collateral kills)
  A two-headed ogre (D:9)
  A troll (D:9)
  Edmund (D:5)
  2 ogres
  2 centaurs
  A scorpion (D:4)
  A centaur zombie (D:9)
  A bullfrog skeleton (D:9)
  An orc (D:3)
11 creatures vanquished.

Grand Total: 193 creatures vanquished

Notes
Turn   | Place    | Note
-------+----------+-------------------------------------------
     0 | D:1      | kaeus the Demonspawn Fighter began the quest for the Orb.
     0 | D:1      | Reached XP level 1. HP: 18/18 MP: 1/1
    23 | D:1      | Gained mutation: A weak demonic guardian rushes to your
                  | aid. [demonic ancestry]
    23 | D:1      | Reached XP level 2. HP: 18/24 MP: 2/2
   432 | D:1      | Gained mutation: You are partially covered in molten
                  | scales. (AC +2) [demonic ancestry]
   432 | D:1      | Reached XP level 3. HP: 26/29 MP: 3/3
   833 | D:2      | Found a shadowy altar of Dithmenos.
   895 | D:2      | Became a worshipper of Dithmenos the Shadowed
  1194 | D:2      | Reached XP level 4. HP: 35/35 MP: 4/4
  1596 | D:2      | Found a snail-covered altar of Cheibriados.
  1806 | D:3      | Reached * piety under Dithmenos
  1881 | D:3      | Reached skill level 1 in Stealth
  2000 | D:3      | Noticed Jessica
  2011 | D:3      | Killed Jessica
  2012 | D:3      | Reached skill level 1 in Dodging
  2012 | D:3      | Gained mutation: You are mostly covered in molten scales.
                  | (AC +3) [demonic ancestry]
  2012 | D:3      | Reached XP level 5. HP: 42/42 MP: 5/5
  2203 | D:3      | Found a radiant altar of Vehumet.
  2225 | D:3      | Noticed Ijyb
  2244 | D:3      | Killed Ijyb
  2463 | D:4      | Reached skill level 2 in Stealth
  2557 | D:4      | Gained mutation: You have sharp toenails. [demonic
                  | ancestry]
  2557 | D:4      | Reached XP level 6. HP: 38/48 MP: 6/6
  2758 | D:4      | Reached ** piety under Dithmenos
  3038 | D:4      | Reached skill level 3 in Stealth
  3285 | D:4      | Found an opulent altar of Gozag.
  3342 | D:5      | Entered Level 5 of the Dungeon
  3354 | D:5      | Gained mutation: You regenerate a little health from kills.
                  | [demonic ancestry]
  3354 | D:5      | Reached XP level 7. HP: 52/54 MP: 7/7
  3357 | D:5      | Found a shimmering altar of Xom.
  3383 | D:5      | Found a shimmering altar of Xom.
  3386 | D:5      | Found a shimmering altar of Xom.
  3386 | D:5      | Found a shimmering altar of Xom.
  3386 | D:5      | Found a shimmering altar of Xom.
  3390 | D:5      | Found a shimmering altar of Xom.
  3390 | D:5      | Found a shimmering altar of Xom.
  3833 | D:5      | Noticed Menkaure
  3850 | D:5      | Killed Menkaure
  3851 | D:5      | Reached skill level 4 in Stealth
  4216 | D:5      | Found a staircase to the Ecumenical Temple.
  4353 | D:6      | Found a shimmering blue altar of Sif Muna.
  4587 | D:6      | Noticed Pikel
  4588 | D:6      | Noticed Edmund
  4661 | D:5      | Killed Edmund
  4817 | D:5      | Killed Pikel
  4818 | D:5      | Reached skill level 5 in Fighting
  4818 | D:5      | Reached skill level 5 in Stealth
  4818 | D:5      | Reached XP level 8. HP: 50/62 MP: 8/8
  5021 | D:6      | Found an ornate altar of the Wu Jian Council.
  5098 | D:6      | Got a spiked hat
  5104 | D:6      | Identified the cursed +0 hat of Duck's Teeth {-Cast Dex+8
                  | SInv} (You found it on level 6 of the Dungeon)
  5279 | D:6      | Reached skill level 5 in Dodging
  5333 | D:6      | Noticed a +0 dagger
  5334 | D:6      | Noticed a +0 hand axe
  5337 | D:6      | Found a hide-covered altar of Uskayaw.
  5739 | D:7      | Found a blossoming altar of Fedhas.
  5837 | D:7      | Reached *** piety under Dithmenos
  5869 | D:7      | Reached skill level 6 in Stealth
  5874 | D:7      | Gained mutation: A demonic guardian rushes to your aid.
                  | [demonic ancestry]
  5874 | D:7      | Reached XP level 9. HP: 65/68 MP: 9/9
  6138 | D:7      | Found a broken altar of Ashenzari.
  6202 | D:7      | Found a glowing golden altar of the Shining One.
  6366 | D:8      | Found a broken altar of Ashenzari.
  6547 | D:8      | Reached **** piety under Dithmenos
  7337 | D:9      | Noticed a two-headed ogre
  7354 | D:9      | Killed a two-headed ogre
  7355 | D:9      | Reached skill level 5 in Axes
  7355 | D:9      | Reached skill level 7 in Stealth
  7454 | D:9      | Noticed a troll
  7464 | D:9      | Killed a troll
  7512 | D:9      | Found a runed translucent gate.
  7512 | D:9      | Found a runed translucent gate.
  7512 | D:9      | Found a runed translucent gate.
  7513 | D:9      | Noticed kaeus's ghost (novice DsFi)
  7536 | D:9      | Noticed Maggie
  7574 | D:9      | Killed Maggie
  7950 | D:9      | Gained mutation: You have razor-sharp toenails. [demonic
                  | ancestry]
  7950 | D:9      | Reached XP level 10. HP: 77/77 MP: 10/10
  7998 | D:9      | Found a staircase to the Lair.
  8035 | D:9      | Noticed Joseph
  8035 | D:9      | Noticed Maurice
  8102 | D:9      | HP: 2/77 [troll (13)]
  8468 | D:9      | Killed Maurice
  8469 | D:9      | Reached skill level 8 in Stealth
  8469 | D:9      | Reached skill level 1 in Evocations
  8471 | D:9      | Killed Joseph
  8472 | D:9      | Reached skill level 1 in Short Blades
  8818 | D:9      | Slain by kaeus's ghost

Illustrated notes

Levels and vault maps discovered:
D:1:      erik_arrival_triangle_large, layout_rooms
D:2:      layout_basic, old_standard_altar, marbit_many_paths,
          grunt_decor_fettered, kennysheep_generic_room_15
D:3:      layout_basic, old_standard_altar, grunt_decor_junction, hex_medium,
          uniq_ijyb, uniq_jessica
D:4:      layout_cave_pools, lemuel_coloured_pillars_altar
D:5:      layout_loops_ring, nicolae_xom_altar_mimics,
          minmay_temple_entry_fiery, moated_statue, uniq_menkaure
D:6:      layout_loops_corners, dancing_weapons_uskayaw,
          nzn_wu_jian_contemplation, kennysheep_path_1, tgw_sif, uniq_edmund,
          uniq_pikel
D:7:      layout_basic, kennysheep_mini, overflow_temple_1_default,
          nicolae_tso_besieged_by_evil, minmay_misc_feat_diagonals
D:8:      layout_basic, basic_altar, kennysheep_minor_cross
D:9:      layout_loops_corners, lair_entry_dummy, gammafunk_ghost_split,
          uniq_joseph, uniq_maggie, uniq_maurice

Skill      XL: |  1  2  3  4  5  6  7  8  9 10 |
---------------+-------------------------------+-----
Axes           | 2 3 4 5 |  5.5
Shields        | 3 4 |  4.0
Armour         | 3 |  3.3
Stealth        | 1 2 3 5 6 7 8 |  8.2
Dodging        | 1 2 4 5 7 |  7.4
Fighting       | 4 5 6 |  6.7
Evocations     | 1 |  1.3
Short Blades   | 1 |  1.2

Action                   |  1- 3 |  4- 6 |  7- 9 | 10-12 || total
-------------------------+-------+-------+-------+-------++-------
Melee: War axe           |    32 |       |       |       ||    32
       Hand axe          |    69 |   183 |   329 |    52 ||   633
       Kick              |       |    10 |   130 |    25 ||   165
  Use: Potion            |       |       |     5 |     2 ||     7
       Scroll            |       |       |     5 |     1 ||     6
 Stab: Sleeping          |       |     1 |    20 |     4 ||    25
       Distracted        |       |       |     2 |     2 ||     4
Armor: Scale mail        |    64 |     5 |       |       ||    69
       Chain mail        |    15 |    30 |       |       ||    45
       Leather armour    |       |    26 |    21 |       ||    47
       Robe              |       |       |    26 |     6 ||    32
Dodge: Dodged            |    36 |    90 |   213 |    40 ||   379
Block: Kite shield       |    71 |     9 |       |       ||    80
       Buckler           |       |    28 |    77 |     9 ||   114
